 Dungeon Crawl Stone Soup version 0.21.1-1-g345015fe64 (webtiles) character file.

112 Feydarkin the Gusty (level 4, -3/33 HPs)
             Began as a Draconian Air Elementalist on July 1, 2018.
             Killed by divine providence
             ... invoked by an orc priest
              (7 damage)
             ... on level 2 of the Dungeon.
             The game lasted 00:12:40 (1721 turns).

Feydarkin the Gusty (Draconian Air Elementalist)    Turns: 1721, Time: 00:12:40

Health: -3/33      AC:  5    Str: 10    XL:     4   Next: 64%
Magic:  7/7        EV: 12    Int: 16    God:
Gold:   98         SH:  0    Dex: 12    Spells: 6/7 levels left

rFire    . . .     SeeInvis .   f - +0 short sword
rCold    . . .     Gourm    .   (no shield)
rNeg     . . .     Faith    .   (armour unavailable)
rPois    .         Spirit   .   (helmet restricted)
rElec    .         Reflect  .   (no cloak)
rCorr    .         Harm     .   (no gloves)
MR       .....                  (no boots)
Stlth    ++........             (no amulet)
HPRegen  0.11/turn              (no ring)
MPRegen  0.10/turn              (no ring)

@: no status effects
A: unfitting armour, cold-blooded, AC +5
a: no special abilities


You were on level 2 of the Dungeon.
You were not hungry.

You visited 1 branch of the dungeon, and saw 3 of its levels.

You collected 98 gold pieces.

Inventory:

Hand Weapons
 f - a +0 short sword (weapon)
Armour
 o - a scarf of resistance
Wands
 p - a wand of random effects (17)
Scrolls
 g - 4 scrolls of identify {unknown}
 h - a scroll of immolation {unknown}
 j - 2 scrolls of remove curse {unknown}
 k - a scroll of blinking {unknown}
 n - 3 scrolls of enchant armour {unknown}
Potions
 c - a potion of degeneration {unknown}
 d - a potion of mutation {unknown}
 e - 2 potions of heal wounds {unknown}
 i - a potion of might {unknown}
 l - a potion of agility {unknown}
 m - a potion of curing {unknown}
 q - a potion of lignification {unknown}
Books
 a - a book of Air

   Spells                             Type                      Level
   a - Shock                          Conjuration/Air              1
   b - Swiftness                      Charms/Air                   2
   c - Static Discharge               Conjuration/Air              3
   d - Airstrike                      Air                          4
   e - Lightning Bolt                 Conjuration/Air              5
Comestibles
 b - 7 rations


   Skills:
 + Level 0.2 Fighting
 * Level 2.1 Short Blades
 + Level 2.5 Dodging
 + Level 2.2 Stealth
 + Level 2.3 Spellcasting
 + Level 1.2 Conjurations
 * Level 3.7 Air Magic


You had 6 spell levels left.
You knew the following spells:

 Your Spells              Type           Power        Failure   Level  Hunger
a - Shock                 Conj/Air       #...         7%          1    #......


Dungeon Overview and Level Annotations

Branches:
Dungeon (3/15)

Altars:
Nemelex Xobeh

Annotations:
D:2 Sigmund


Innate Abilities, Weirdness & Mutations

Your plain brown scales are hard. (AC +5)
You cannot fit into any form of body armour.
You are cold-blooded and may be slowed by cold attacks.


Message History

The orc priest shouts!
The orc wizard shouts!
The orc shouts! x2
Found 2 throwing nets.
There is a stone staircase leading up here.
The orc priest barely misses you. The orc barely misses you.
You climb upwards.
Level annotation: Sigmund
There is a stone staircase leading down here.
Sigmund gestures wildly while chanting.
Sigmund flickers and vanishes!
Deactivating autopickup; reactivate with Ctrl-A.
The orc priest mumbles some strange prayers to Beogh against you.
You barely resist.
The orc priest begins to cast a cantrip, but forgets the words!
The orc priest calls down the wrath of Beogh upon you.
Pain shoots through your body!
* * * LOW HITPOINT WARNING * * *
The orc priest looks encouraged for a moment.
The orc priest mumbles some strange prayers to Beogh against you.
Beogh smites you!
You die...

##.# #{###...##########
#..#####.#...####........
#......>o.[#.# #...†....
#.######.###.# #........ ###
#.# #.# ####.#.## ### #.# #.#
###)#.# ##.# #.#
#.#####...#.## #..#
#.###.#.....###... #####..#
##@##....####.....# ##......#
#.........##.>.##..
#..####.###.........####(###.
##.## #..##.......).# #.))((
#..# ##..#......<..# ####..
#.## ##.#.........# ###...
#.# #.#.........####...##
##.# ##...#..#######...#...
###..# #..#.<...# ##.###.##


You could see an orc priest.

Vanquished Creatures
  Jessica (D:2)
  Robin (D:2)
  3 gnolls (D:2)
  A worm (D:2)
  A leopard gecko (D:1)
  4 bats
  3 giant cockroaches
  13 goblins
  3 hobgoblins
  A quokka (D:2)
  2 frilled lizards
  10 kobolds
  3 rats
46 creatures vanquished.

Notes
Turn   | Place    | Note
-------+----------+-------------------------------------------
     0 | D:1      | Feydarkin the Draconian Air Elementalist began the quest for the Orb.
     0 | D:1      | Reached XP level 1. HP: 14/14 MP: 3/3
   397 | D:1      | Reached XP level 2. HP: 14/20 MP: 1/5
   554 | D:2      | Noticed Sigmund
   626 | D:2      | Noticed Robin
   633 | D:2      | Reached skill level 1 in Short Blades
   645 | D:2      | Reached XP level 3. HP: 15/26 MP: 0/6
   665 | D:2      | Killed Robin
   928 | D:2      | Found a sparkling altar of Nemelex Xobeh.
  1347 | D:2      | Reached XP level 4. HP: 24/33 MP: 7/7
  1360 | D:2      | Noticed Jessica
  1362 | D:2      | Killed Jessica
  1721 | D:2      | Killed from afar by an orc priest

Skill      XL: |  1  2  3  4 |
---------------+-------------+-----
Dodging        | 2 |  2.5
Short Blades   | 1 2 |  2.1
Stealth        | 2 |  2.2
Fighting       | |  0.2
Spellcasting   | |  2.3
Conjurations   | |  1.2
Air Magic      | |  3.7

Action                   |  1- 3 |  4- 6 || total
-------------------------+-------+-------++-------
Melee: Short sword       |    90 |    21 ||   111
       Tailslap          |     5 |     3 ||     8
 Cast: Shock             |    25 |     5 ||    30
 Stab: Sleeping          |     1 |     3 ||     4
  Eat: Ration            |     1 |       ||     1
Armor: Skin              |    32 |    10 ||    42
Dodge: Dodged            |    80 |    18 ||    98
